 Dungeon Crawl Stone Soup version 0.23.1-37-gaa34b87 (webtiles) character file.

Game seed: 1399129663597505746

1467 night the Grappler (level 8, 0/39 HPs)
             Began as a Vine Stalker Fighter on Mar 20, 2019.
             Was a Follower of Nemelex Xobeh.
             Succumbed to a hornet's poison
             ... on level 7 of the Dungeon.
             The game lasted 00:14:55 (5403 turns).

night the Grappler (Vine Stalker Fighter)           Turns: 5403, Time: 00:14:56

Health: 0/39       AC: 10    Str: 20 (21) XL:     8   Next: 77%
Magic:  7/11       EV:  7    Int:  6 (8)  God:    Nemelex Xobeh [*.....]
Gold:   522        SH: 10    Dex: 12 (14) Spells: 7/7 levels left

rFire    . . .     SeeInvis .     - Unarmed
rCold    . . .     Gourm    .   b - +0 shield
rNeg     + + .     Faith    .   a - +0 scale mail
rPois    .         Spirit   +   u - +2 hat
rElec    .         Reflect  .   (no cloak)
rCorr    .         Harm     .   (no gloves)
MR       +....                  v - +1 pair of boots
Stlth    ..........             (no amulet)
HPRegen  0.93/turn              e - ring of positive energy
MPRegen  0.12/turn              l - ring of positive energy

@: lethally poisoned (0 -> 0), flying
A: fangs 3, deterioration 1, regeneration 2, magic shield, antimagic bite, no
potion heal 3, rot immunity, subdued magic 1
a: Draw Escape, Draw Destruction, Draw Summoning, Renounce Religion


You were on level 7 of the Dungeon.
You worshipped Nemelex Xobeh.
Nemelex Xobeh was aware of your devotion.
You were not hungry.

You visited 2 branches of the dungeon, and saw 8 of its levels.

You collected 522 gold pieces.

Inventory:

Hand Weapons
 t - a +1 hunting sling of flaming
Missiles
 f - 45 sling bullets
 i - 267 stones (quivered)
Armour
 a - a +0 scale mail (worn)
 b - a +0 shield (worn)
 u - a +2 hat (worn)
 v - a +1 pair of boots (worn)
Jewellery
 e - a ring of positive energy (left hand)
 l - a ring of positive energy (right hand)
 w - an uncursed ring of flight {unknown}
Wands
 E - a wand of paralysis (8)
Scrolls
 g - 9 scrolls of identify
 h - 2 scrolls of teleportation
 k - a scroll of fog {unknown}
 n - a scroll of enchant armour
 p - 2 scrolls of amnesia
 q - 4 scrolls of immolation
 s - 4 scrolls of remove curse
 y - 3 scrolls of vulnerability {unknown}
 B - a scroll of magic mapping {unknown}
 C - a scroll of fear {unknown}
Potions
 c - 3 potions of might
 j - a potion of mutation
 m - a potion of curing {unknown}
 o - 3 potions of agility
 r - a potion of ambrosia {unknown}
 x - a potion of flight
 z - a potion of berserk rage {unknown}
 A - a potion of lignification {unknown}
 D - a potion of haste {unknown}
 F - a potion of degeneration
Comestibles
 d - 11 rations


   Skills:
 - Level 2.6 Fighting
 - Level 2.4 Armour
 + Level 5.9 Shields
 * Level 8.5 Unarmed Combat
 + Level 3.0 Invocations


You had 7 spell levels left.
You didn't know any spells.
Your spell library was empty.

Dungeon Overview and Level Annotations

Branches:
Dungeon (7/15)             Temple (1/1) D:5

Altars:
Ashenzari
Cheibriados
Dithmenos
Elyvilon
Fedhas
Gozag
Hepliaklqana
Kikubaaqudgha
Makhleb
Nemelex Xobeh
Qazlal
Ru
Sif Muna
Uskayaw
Vehumet
Wu Jian
Xom
Yredelemnul
Zin
The Shining One

Shops:
D:5 =


Innate Abilities, Weirdness & Mutations

You have razor-sharp teeth.
You heal very quickly.
When hurt, damage is shared between your health and your magic reserves.
Your bite disrupts and absorbs the magic of your enemies.
Potions cannot restore your health.
You are immune to rotting.
Your body sometimes deteriorates upon taking damage.
Your spells are a little easier to cast, but a little less powerful.


Message History

* * * LOW HITPOINT WARNING * * *
You feel sick.
The worker ant barely misses your centaur warrior.
Your centaur warrior hits the worker ant!
The worker ant dies!
The polar bear goes berserk!
Your yaktaur hits the polar bear.
The polar bear dies!
The hornet returns to its original shape as it dies.
Your Invocations skill increases to level 3!
It was a potion of flight.
You feel very buoyant.
You fly up into the air.
* * * LOW HITPOINT WARNING * * *
You feel sick.
Unknown command.
It was a potion of degeneration.
There was something very wrong with that liquid.
You feel weakened.
You feel dopey.
You feel clumsy.
You die...
Your body glows slightly and disappears.

#..........
######....######
........###
.######.# #.#
#.# #.# ##
#.########...#
#.†.ccc@...#
#..#########
.....# ...###.#
... ... .. ... .
#...# ##.##


You could see a friendly centaur warrior and 2 friendly yaktaurs.

Vanquished Creatures
  Menkaure (D:4)
  4 ogres
  A scorpion (D:4)
  5 wights (D:6)
  A crimson imp (D:5)
  3 hounds
  A bullfrog skeleton (D:6)
  An iguana (D:4)
  5 worker ants
  A worker ant zombie (D:5)
  5 adders
  10 river rats (D:6)
  A shadow imp (D:6)
  An ooze (D:1)
  4 adder skeletons
  A worm (D:3)
  3 dart slugs
  5 leopard geckos
  3 orcs
  2 ball pythons (D:1)
  4 giant cockroaches
  11 goblins
  11 hobgoblins
  8 jackals
  10 quokkas
  9 bats
  7 frilled lizards
  A jackal skeleton (D:5)
  4 kobolds
  A leopard gecko skeleton (D:6)
  25 rats
  A fungus (D:3)
  A toadstool (D:3)
151 creatures vanquished.

Vanquished Creatures (collateral kills)
  A polar bear (D:7)
  A worker ant (D:7)
2 creatures vanquished.

Vanquished Creatures (others)
  2 toadstools (D:3)
2 creatures vanquished.

Grand Total: 155 creatures vanquished

Notes
Turn   | Place    | Note
-------+----------+-------------------------------------------
     0 | D:1      | night the Vine Stalker Fighter began the quest for the Orb.
     0 | D:1      | Reached XP level 1. HP: 11/11 MP: 2/2
   189 | D:1      | Reached XP level 2. HP: 15/16 MP: 1/3
   427 | D:1      | Reached skill level 3 in Unarmed Combat
   430 | D:1      | Reached XP level 3. HP: 17/19 MP: 1/4
  1010 | D:2      | Gained mutation: Your natural rate of healing is unusually
                  | fast. [Vine Stalker growth]
  1010 | D:2      | Reached XP level 4. HP: 18/23 MP: 3/5
  1360 | D:2      | You fall through a shaft!
  1678 | D:3      | Reached skill level 4 in Unarmed Combat
  1950 | D:2      | Reached XP level 5. HP: 27/27 MP: 6/6
  2621 | D:4      | Noticed Menkaure
  2631 | D:4      | Killed Menkaure
  2631 | D:4      | Reached skill level 5 in Unarmed Combat
  2631 | D:4      | Reached XP level 6. HP: 8/32 MP: 2/7
  2869 | D:4      | Reached skill level 6 in Unarmed Combat
  2935 | D:3      | Reached XP level 7. HP: 29/35 MP: 8/8
  3181 | D:4      | Reached skill level 5 in Shields
  3181 | D:4      | Reached skill level 7 in Unarmed Combat
  3406 | D:5      | Entered Level 5 of the Dungeon
  3412 | D:5      | Found a shadowy altar of Dithmenos.
  3485 | D:5      | Found a staircase to the Ecumenical Temple.
  3494 | Temple   | Entered the Ecumenical Temple
  3634 | Temple   | Became a worshipper of Nemelex Xobeh the Trickster
  3698 | D:5      | Received a gift from Nemelex Xobeh
  4103 | D:5      | Found Rithowol's Jewellery Emporium.
  4312 | D:6      | Received a gift from Nemelex Xobeh
  4386 | D:6      | Reached * piety under Nemelex Xobeh
  4426 | D:6      | Found a radiant altar of Vehumet.
  4429 | D:6      | Found a blossoming altar of Fedhas.
  4429 | D:6      | Found a burning altar of Makhleb.
  4462 | D:6      | Reached skill level 1 in Invocations
  4514 | D:6      | Gained mutation: You have razor-sharp teeth. [Vine Stalker
                  | growth]
  4514 | D:6      | Reached XP level 8. HP: 39/39 MP: 9/9
  4758 | D:6      | Found a white marble altar of Elyvilon.
  4932 | D:6      | Reached skill level 8 in Unarmed Combat
  5155 | D:6      | Received a gift from Nemelex Xobeh
  5384 | D:7      | Noticed a hornet
  5390 | D:7      | Paralysed by a hornet for 3 turns
  5395 | D:7      | Noticed a polar bear
  5395 | D:7      | a hornet changed into a polar bear
  5400 | D:7      | HP: 1/39 [poisoned by a hornet]
  5401 | D:7      | Gained mutation: Your spells are a little easier to cast,
                  | but a little less powerful. [potion of mutation]
  5401 | D:7      | Gained mutation: Your body sometimes deteriorates upon
                  | taking damage. [potion of mutation]
  5401 | D:7      | Gained mutation: You heal very quickly. [potion of
                  | mutation]
  5401 | D:7      | Killed a polar bear
  5403 | D:7      | Succumbed to a hornet's poison

Skill      XL: |  1  2  3  4  5  6  7  8 |
---------------+-------------------------+-----
Shields        | 3 4 5 |  5.9
Unarmed Combat | 3 4 5 6 7 8 |  8.5
Invocations    | 1 3 |  3.0
Fighting       | |  2.6
Armour         | |  2.4

Action                   |  1- 3 |  4- 6 |  7- 9 || total
-------------------------+-------+-------+-------++-------
Melee: Unarmed           |   102 |   211 |   185 ||   498
       Bite              |    31 |    60 |    56 ||   147
 Abil: Draw Destruction  |       |       |     2 ||     2
       Draw Summoning    |       |       |     1 ||     1
  Use: Scroll            |       |       |     7 ||     7
       Potion            |       |       |     3 ||     3
  Eat: Chunk             |       |     7 |     4 ||    11
       Ration            |       |       |     1 ||     1
Armor: Scale mail        |    40 |   112 |    50 ||   202
Dodge: Dodged            |    31 |    69 |    38 ||   138
Block: Shield            |    57 |   135 |    81 ||   273
